 Dungeon Crawl Stone Soup version 0.30-a0-612-g150a0467c1 (webtiles) character file.

Game seed: 17622169435168240327

1087 Armakuni the Carver (level 8, -3/87 HPs)
             Began as a Human Wanderer on Jan 8, 2023.
             Was an Initiate of Gozag.
             Slain by Prince Ribbit (13 damage)
             ... on level 6 of the Dungeon.
             The game lasted 00:17:20 (6722 turns).

Armakuni the Carver (Human Wanderer)                Turns: 6722, Time: 00:17:20

Health: -3/87      AC: 24    Str:  9    XL:     8   Next: 56%
Magic:  12/12      EV:  2    Int: 14    God:    Gozag
Gold:   200        SH:  0    Dex: 17    Spells: 11/13 levels left

rFire   . . .      SeeInvis .    a - +3 falchion
rCold   . . .      Faith    .    (no shield)
rNeg    . . .      Spirit   .    (body armour currently unavailable)
rPois   +          Reflect  .    (helmet currently unavailable)
rElec   .          Harm     .    (cloak currently unavailable)
rCorr   .          Rampage  .    (gloves currently unavailable)
Will    .....      NoTele   +    (boots currently unavailable)
Stlth   ++                       (no amulet)
HPRegen 0.34/turn                (no ring)
MPRegen 0.13/turn                (no ring)

@: mighty, tree-form
A: stationary, stasis, torment immunity, boosted hp
a: Renounce Religion, Potion Petition, Call Merchant, Bribe Branch


You were on level 6 of the Dungeon.
You worshipped Gozag.
Gozag was aware of your devotion.
You were a tree.
You visited 2 branches of the dungeon, and saw 7 of its levels.
You also visited: Sewer.

You collected 864 gold pieces.
You paid 664 gold pieces to Gozag.

Inventory:

Hand Weapons
 a - a +3 falchion (weapon)
 b - a +0 short sword of venom
 l - a +0 sling
 y - a +0 long sword
Missiles
 e - 16 poisoned darts (quivered)
Armour
 g - a +0 leather armour (melded)
 p - a +0 ring mail
 s - a +0 pair of boots (melded)
Jewellery
 J - a ring of ice
Wands
 k - a wand of digging (2)
Scrolls
 c - 2 scrolls of vulnerability
 h - 3 scrolls of immolation
 i - a scroll of poison
 o - 2 scrolls of teleportation
 v - a scroll of fog
 w - a scroll of identify
 x - 4 scrolls of noise
 X - a scroll of enchant weapon
Potions
 d - 5 potions of haste
 f - 2 potions of resistance
 j - 2 potions of flight
 m - a potion of cancellation
 n - a potion of might
 q - 3 potions of mutation
 t - a potion of ambrosia {unknown}
 u - a potion of degeneration {unknown}
 z - a potion of brilliance {unknown}


   Skills:
 - Level 3.0 Fighting
 + Level 8.9 Long Blades
 - Level 3.0 Spellcasting
 - Level 2.0 Transmutations
 - Level 5.0 Evocations


You had 11 spell levels left.
You knew the following spells:

 Your Spells              Type           Power      Damage    Failure   Level
w - Wereblood             Tmut           7%         N/A       14%         2

Your spell library contained the following spells:

 Spells                   Type           Power      Damage    Failure   Level
 Summon Small Mammal      Summ           8%         N/A       22%         1
 Passwall                 Tmut/Erth      3%         N/A       22%         2
 Static Discharge         Conj/Air       4%         2-3/arc   32%         2
 Dazzling Flash           Conj/Hex       4%         N/A       54%         3
 Ozocubu's Armour         Ice            2%         N/A       54%         3
 Vhi's Electric Charge    Tloc/Air       4%         N/A       54%         3
 Iskenderun's Mystic Bla  Conj/Tloc      2%         2d3       91%         4
 Arcjolt                  Conj/Air       1%         1d11      99%         5
 Lightning Bolt           Conj/Air       1%         1d12      99%         5
 Starburst                Conj/Fire      1%         6d3       100%        6
 Ozocubu's Refrigeration  Ice            1%         4d7       100%        7


Dungeon Overview and Level Annotations

Branches:
Dungeon (6/15)             Temple (1/1) D:6           Sewer (visited)

Altars:
Ashenzari
Cheibriados
Dithmenos
Elyvilon
Fedhas
Gozag
Hepliaklqana
Kikubaaqudgha
Makhleb
Nemelex Xobeh
Okawaru
Qazlal
Ru
Sif Muna
Trog
Uskayaw
Vehumet
Wu Jian
Xom
Yredelemnul
Zin
The Shining One

Shops:
D:4 *   Temple [

Annotations:
D:6 Prince Ribbit


Message History

Prince Ribbit blinks!
Throw: dart (curare)
Press: ? - help, Q - select action, (/) - cycle Shift-Dir - straight line, f/p - Prince Ribbit
Aim: Prince Ribbit (39% to hit)
You throw a curare-tipped dart.
The curare-tipped dart barely misses Prince Ribbit.
You see here 2 poisoned darts.
e - 16 poisoned darts (gained 2)
You slash Prince Ribbit!
Prince Ribbit is lightly wounded.
Prince Ribbit hits you!
You closely miss Prince Ribbit.
Prince Ribbit is lightly wounded.
Prince Ribbit hits you!!
Okay, then.
You feel very mighty all of a sudden. Prince Ribbit hits you!
* * * LOW HITPOINT WARNING * * *
Prince Ribbit hits you.
* * * LOW HITPOINT WARNING * * *
Really quaff the potion of lignification?
You turn into a tree.
Your +0 pair of boots melds into your body.
Your +0 leather armour melds into your body.
Your roots penetrate the ground.
Prince Ribbit hits you.
* * * LOW HITPOINT WARNING * * *
You barely miss Prince Ribbit.
Prince Ribbit is lightly wounded.
Prince Ribbit hits you but does no damage.
You closely miss Prince Ribbit.
Prince Ribbit is lightly wounded.
Prince Ribbit hops awkwardly around.
Prince Ribbit hits you.
* * * LOW HITPOINT WARNING * * *
Prince Ribbit completely misses you.
You barely miss Prince Ribbit.
Prince Ribbit is lightly wounded.
Prince Ribbit hits you!
You die...
Your body crumbles into a pile of gold.

### ..# ######
##..... ......# ..
# .g. ....... #..
g ....... ##..
.......#### #..#
(....<.F♣.####
#..#
.......#.....##..#
......####......#
.(.... ####[.##
##... ##.## ####
#).# #..# ##..#
#######..##
########


You could see Prince Ribbit.

Vanquished Creatures
  An ice beast (D:5)
  An ogre (D:6)
  A phantom (D:5)
  A kobold brigand (Sewer)
  2 necrophages
  A gnoll sergeant (D:5)
  A scorpion (D:5)
  2 hounds (D:4)
  An orc priest (D:5)
  A gnoll bouda (D:6)
  2 iguanas (D:4)
  9 gnolls
  7 adders
  6 river rats (Sewer)
  A white imp (D:5)
  A worm (D:3)
  3 dart slugs
  9 orcs
  4 bats (D:2)
  5 endoplasms
  3 giant cockroaches
  5 goblins
  14 hobgoblins
  10 jackals
  2 quokkas
  7 ball pythons
  5 frilled lizards
  20 kobolds
  28 rats
153 creatures vanquished.

Vanquished Creatures (others)
  4 fungi (D:3)
4 creatures vanquished.

Grand Total: 157 creatures vanquished

Notes
Turn   | Place    | Note
-------+----------+-------------------------------------------
     0 | D:1      | Armakuni the Human Wanderer began the quest for the Orb.
     0 | D:1      | Armakuni set off with the following items: a +0 dagger, a
                  | potion of mutation, a scroll of vulnerability, a +0 robe, a
                  | wand of flame (18); and the following spells available to
                  | memorise: Wereblood, Passwall.
     0 | D:1      | Reached XP level 1. HP: 13/13 MP: 4/4
   227 | D:1      | Reached XP level 2. HP: 20/20 MP: 6/6
   369 | D:1      | Reached skill level 1 in Fighting
   369 | D:1      | Reached skill level 1 in Long Blades
   862 | D:2      | Reached XP level 3. HP: 18/27 MP: 7/7
   865 | D:2      | Reached skill level 2 in Long Blades
   868 | D:2      | Reached XP level 4. HP: 10/33 MP: 8/8
  1284 | D:2      | Learned a level 2 spell: Wereblood
  1505 | D:2      | Found a snail-covered altar of Cheibriados.
  1616 | D:2      | Reached XP level 5. HP: 40/40 MP: 9/9
  1773 | D:3      | Found a faded altar of an unknown god.
  1791 | D:3      | Reached skill level 3 in Long Blades
  1800 | D:3      | Got Plato's Vademecum on Generation
  2035 | D:3      | Found an opulent altar of Gozag.
  2048 | D:3      | Became a worshipper of Gozag Ym Sagoz the Greedy
  2938 | D:4      | Found a glowing drain.
  2945 | Sewer    | Entered a sewer
  3077 | Sewer    | Noticed a kobold brigand
  3088 | Sewer    | Killed a kobold brigand
  3089 | Sewer    | Reached skill level 4 in Long Blades
  3089 | Sewer    | Reached XP level 6. HP: 47/47 MP: 10/10
  3450 | Sewer    | Reached skill level 5 in Long Blades
  4115 | D:4      | Reached XP level 7. HP: 46/52 MP: 11/11
  4240 | D:4      | Found Tofifociw's Overcharged Wands.
  4462 | D:5      | Entered Level 5 of the Dungeon
  4469 | D:5      | Reached skill level 6 in Long Blades
  5050 | D:5      | Reached skill level 7 in Long Blades
  5184 | D:5      | Reached XP level 8. HP: 24/58 MP: 12/12
  5219 | D:5      | Reached skill level 8 in Long Blades
  6036 | D:6      | Found a staircase to the Ecumenical Temple.
  6042 | Temple   | Entered the Ecumenical Temple
  6708 | D:6      | Noticed Prince Ribbit
  6722 | D:6      | Slain by Prince Ribbit

Illustrated notes

Levels and vault maps discovered:
D:1:      dpeg_arrival_court, layout_basic
D:2:      layout_loops_cross, basic_altar, minmay_misc_feat_rows
D:3:      corexii_shack_village, layout_loops_ring,
          mainiacjoe_overflow_boulevard, shapermc_ecumenical_altar_rom_forum
D:4:      layout_cave_pools, portal_sewer_entry_b,
          nicolae_shop_overcharged_wands
D:5:      layout_loops_corners, chequers_serial_rivers_room_b,
          dk_rats_in_the_wall
D:6:      layout_cave_pods, minmay_temple_entry_drinking_statues,
          chequers_serial_rivers_small_b, uniq_prince_ribbit1, uniq_sigmund
Temple:   mainiacjoe_temple_archimedes_tessellation

Skill      XL: |  1  2  3  4  5  6  7  8 |
---------------+-------------------------+-----
Fighting       | 1 2 3 |  3.0
Long Blades    | 1 2 4 5 7 8 |  8.9
Spellcasting   | |  3.0
Transmutations | |  2.0
Evocations     | |  5.0

Action                   |  1- 3 |  4- 6 |  7- 9 || total
-------------------------+-------+-------+-------++-------
Melee: Falchion          |    55 |   131 |    29 ||   215
       Punch             |     1 |     2 |     1 ||     4
       Long sword        |       |   214 |    61 ||   275
Throw: Dart              |       |    15 |    57 ||    72
Invok: Call Merchant     |       |       |     1 ||     1
Evoke: Wand              |    10 |     5 |     3 ||    18
  Use: Scroll            |       |    10 |     9 ||    19
       Potion            |       |     4 |     5 ||     9
 Stab: Sleeping          |     1 |     3 |     2 ||     6
       Distracted        |       |     2 |       ||     2
       Held in net/web   |       |     1 |       ||     1
       Invisible         |       |       |     1 ||     1
Armor: Robe              |     8 |       |       ||     8
       Leather armour    |     3 |   106 |    17 ||   126
       Skin              |       |    33 |     1 ||    34
Dodge: Dodged            |    25 |   239 |    44 ||   308

Table legend: (Time is in decaauts)
 A = Elapsed time spent in this place.
 B = Non-inter-level travel time spent in this place.
 C = Inter-level travel time spent in this place.
 D = Time resting spent in this place.
 E = Time spent auto-exploring this place.
 F = Levels seen in this place.
 G = Mean time per level.
                   A        B        C        D        E       F      G
               +--------+--------+--------+--------+--------+-----+--------+
         Total |   6829 |   6674 |    155 |   1317 |   3231 |   8 |  853.6 |
       Dungeon |   5315 |   5183 |    132 |    804 |   2718 |   6 |  885.8 |
        Temple |    398 |    375 |     23 |    159 |    188 |   1 |  398.0 |
         Sewer |   1114 |   1114 |      0 |    354 |    325 |   1 | 1114.0 |
               +--------+--------+--------+--------+--------+-----+--------+

Top non-repeatable levels by time:
     D:5: 1204 daAuts
     D:3: 1177 daAuts
   Sewer: 1114 daAuts
     D:2: 922 daAuts
     D:1: 848 daAuts
     D:4: 814 daAuts
  Temple: 398 daAuts
     D:6: 348 daAuts
